 Dungeon Crawl Stone Soup version 0.20.0-15-g7f486f2 (webtiles) character file.

5160 theElss the Basher (level 10, -7/63 HPs)
             Began as a Gargoyle Berserker on June 23, 2017.
             Was an Elder of Trog.
             Killed from afar by a gargoyle (12 damage)
             ... with a stone arrow
             ... on level 8 of the Dungeon.
             The game lasted 00:19:21 (7192 turns).

theElss the Basher (Gargoyle Berserker)             Turns: 7192, Time: 00:19:24

Health: -7/63      AC: 16    Str: 24    XL:     10   Next: 59%
Magic:  0/19       EV: 17    Int:  8    God:    Trog [****..]
Gold:   457        SH:  0    Dex:  9    Spells: 9/9 levels left

rFire    . . .     SeeInvis .   B - +3 flail (protect)
rCold    . . .     Gourm    .   (no shield)
rNeg     + . .     Faith    .   f - +0 ring mail
rPois    ∞         Spirit   +   (no helmet)
rElec    +         Reflect  .   q - +0 cloak
rCorr    .         Harm     .   M - +0 pair of gloves
MR       ++...                  (no boots)
Stlth    +.........             w - amulet of guardian spirit
Regen    1.2/turn               u - ring of magical power
MPRegen  0.2/turn               v - +4 ring of evasion

@: about to teleport, berserk cooldown, regenerating, slowed, very slow
A: negative energy resistance 1, electricity resistance, unbreathing,
petrification resistance, rot immunity, AC +7
a: Berserk, Trog's Hand, Brothers in Arms, Burn Spellbooks, Renounce Religion


You were on level 8 of the Dungeon.
You worshipped Trog.
Trog was greatly pleased with you.
You were not hungry.

You visited 1 branch of the dungeon, and saw 8 of its levels.

You collected 457 gold pieces.

Inventory:

Hand Weapons
 a - the +9 spear of Instant Death {pierce, MR+ Str+2 Int+2}
   (You found it on level 5 of the Dungeon)

   It inflicts extra damage upon your enemies.
   It affects your strength (+2).
   It affects your intelligence (+2).
   It affects your resistance to hostile enchantments.
 B - a +3 flail of protection (weapon)
 C - a +0 whip of electrocution
Armour
 f - a +0 ring mail (worn)
 q - a +0 cloak (worn)
 M - a +0 pair of gloves (worn)
Jewellery
 u - a ring of magical power (left hand)
 v - a +4 ring of evasion (right hand)
 w - an amulet of guardian spirit (around neck)
 y - an uncursed ring of flight
Wands
 e - a wand of paralysis (15/24)
 J - a wand of confusion (23/48)
 L - a wand of confusion (29/48)
Scrolls
 d - 2 scrolls of magic mapping
 h - 6 scrolls of remove curse
 m - a scroll of teleportation
 z - a scroll of amnesia {unknown}
 A - a scroll of noise {unknown}
 D - a scroll of enchant armour {unknown}
 G - a scroll of vulnerability {unknown}
 K - a scroll of immolation {unknown}
Potions
 b - 2 potions of heal wounds
 i - 5 potions of flight
 j - a potion of degeneration {unknown}
 l - a potion of brilliance {unknown}
 n - 3 potions of invisibility
 p - 7 potions of curing
 r - 2 potions of haste
 s - 3 potions of agility {unknown}
 t - 2 potions of mutation
 x - a potion of magic
 F - a potion of might {unknown}
 H - 2 potions of cancellation {unknown}
 I - a potion of lignification {unknown}
Comestibles
 c - 5 bread rations
 g - 6 royal jellies
 k - 7 meat rations
 o - 10 fruits


   Skills:
 + Level 7.4 Fighting
 + Level 11.2 Maces & Flails
 + Level 7.2 Armour
 + Level 5.4 Dodging
 + Level 1.0 Stealth


You had 9 spell levels left.
You didn't know any spells.

Dungeon Overview and Level Annotations

Branches:
Dungeon (8/15)             Temple (0/1) D:5
   Lair: D:8-11

Altars:
Zin

Shops:
D:5 (

Annotations:
D:7 1 runed door


Innate Abilities, Weirdness & Mutations

You are resistant to torment.
Your stone body is resilient. (AC +7)
You are immune to poison.
You resist negative energy. (rN+)
You are resistant to electric shocks. (rElec)
You can survive without breathing.
You are immune to petrification.
You are immune to rotting.


Message History

You start resting.
A gargoyle opens the door.
It is wielding a mace.
As you read the scroll of teleportation, it crumbles to dust.
You feel strangely unstable.
The gargoyle hurls a stone arrow at you.
The stone arrow misses you.
Your two-headed ogre goes berserk!
You feel quite a bit more hungry. Trog will no longer gift you weapons.
The gargoyle hurls a stone arrow at you.
The stone arrow hits you!
* * * LOW HITPOINT WARNING * * *
Your skin crawls.
You feel resistant to hostile enchantments.
You feel somewhat more hungry.
Your two-headed ogre hits the gargoyle with a giant club!!
Your two-headed ogre barely misses the gargoyle.
The gargoyle hurls a stone arrow at you.
The stone arrow hits you!
You die...

##+.+## ..###..
#+.....+###.# ##.
#.......#8#.# ##
#+...........## #
#....8........# #.
+............## #.
#.O.....#8#...##
#.###9.....'###....#
#..#@##'.)##)#.....#
#.###8###[###....##
#...#######.....##
#............### #
#..###.....### ###
##...###.### ###..
#.#........####....
##.#########........
.. ##.## ##.......


You could see a gargoyle and a friendly two-headed ogre (berserk).

Vanquished Creatures
  The ghost of appiemonkey the Grappler, a novice TrMo of Makhleb (D:8)
  The ghost of Ic0n the Skirmisher, a novice DrTm of Gozag (D:7)
  An unseen horror (D:7)
  3 gargoyles (D:8)
  The ghost of appiemonkey the Poker, an amateur MfGl (D:4)
  An orc warrior (D:7)
  2 phantoms
  2 sky beasts
  A black bear (D:7)
  4 ogres
  2 centaurs
  The ghost of appiemonkey the Skirmisher, an amateur GrFi (D:3)
  2 bullfrogs
  A water moccasin zombie (D:7)
  4 crimson imps
  3 hounds
  2 bullfrog zombies (D:7)
  3 orc priests
  6 orc wizards
  A bullfrog skeleton (D:8)
  A centaur skeleton (D:8)
  An iguana (D:8)
  7 worker ants
  A hound skeleton (D:7)
  A howler monkey zombie (D:8)
  A howler monkey skeleton (D:8)
  14 gnolls
  12 adders
  2 oozes
  5 worms
  4 dart slugs
  6 leopard geckos
  27 orcs
  4 ball pythons (D:3)
  6 bats
  9 giant cockroaches
  8 goblins
  7 hobgoblins
  10 jackals
  7 quokkas
  4 frilled lizards
  A jackal skeleton (D:5)
  7 kobolds
  2 leopard gecko skeletons
  A quokka skeleton (D:4)
  6 rats
196 creatures vanquished.

Notes
Turn   | Place    | Note
-------+----------+-------------------------------------------
     0 | D:1      | theElss the Gargoyle Berserker began the quest for the Orb.
     0 | D:1      | Reached XP level 1. HP: 14/14 MP: 1/1
   231 | D:1      | Reached XP level 2. HP: 18/19 MP: 2/2
   719 | D:1      | Reached ** piety under Trog
   719 | D:1      | Reached XP level 3. HP: 23/23 MP: 3/3
  1127 | D:2      | Reached XP level 4. HP: 29/29 MP: 4/4
  1647 | D:2      | Reached skill level 4 in Maces & Flails
  1892 | D:3      | Reached XP level 5. HP: 33/33 MP: 5/5
  1989 | D:3      | Reached *** piety under Trog
  1995 | D:3      | Noticed appiemonkey's ghost (amateur GrFi)
  2212 | D:3      | Killed appiemonkey's ghost
  2212 | D:3      | Reached skill level 5 in Maces & Flails
  2212 | D:3      | Reached XP level 6. HP: 30/38 MP: 6/6
  3153 | D:4      | Reached XP level 7. HP: 44/44 MP: 7/7
  3658 | D:4      | Noticed appiemonkey's ghost (amateur MfGl)
  3693 | D:4      | Killed appiemonkey's ghost
  3693 | D:4      | Reached skill level 6 in Maces & Flails
  3906 | D:5      | Entered Level 5 of the Dungeon
  4230 | D:5      | Reached **** piety under Trog
  4315 | D:5      | Reached skill level 5 in Armour
  4315 | D:5      | Reached XP level 8. HP: 37/48 MP: 8/8
  4342 | D:5      | Got a smoking spear
  4343 | D:5      | Identified the +9 spear of Instant Death {pierce, MR+ Str+2 Int+2} (You found it on level 5 of the Dungeon)
  4656 | D:5      | Found a staircase to the Ecumenical Temple.
  4714 | D:5      | Found Bafronycs's Antique Weapon Boutique.
  4833 | D:6      | Reached skill level 5 in Fighting
  4833 | D:6      | Reached skill level 7 in Maces & Flails
  5412 | D:7      | Noticed Ic0n's ghost (novice DrTm)
  5448 | D:7      | Killed Ic0n's ghost
  5448 | D:7      | Reached skill level 8 in Maces & Flails
  5448 | D:7      | Reached XP level 9. HP: 49/55 MP: 9/9
  5601 | D:7      | Reached skill level 9 in Maces & Flails
  5957 | D:7      | Found a glowing silver altar of Zin.
  5958 | D:7      | Found a runed door.
  5958 | D:7      | Noticed an angel
  6163 | D:7      | Killed an unseen horror
  6163 | D:7      | Reached skill level 10 in Maces & Flails
  6163 | D:7      | Reached skill level 1 in Stealth
  6542 | D:8      | Reached XP level 10. HP: 61/61 MP: 10/10
  6602 | D:8      | Noticed appiemonkey's ghost (novice TrMo)
  6616 | D:8      | Killed appiemonkey's ghost
  6616 | D:8      | Reached skill level 5 in Dodging
  6869 | D:8      | Reached ***** piety under Trog
  7016 | D:8      | Noticed a gargoyle
  7022 | D:8      | Killed a gargoyle
  7100 | D:8      | Noticed a gargoyle
  7108 | D:8      | Killed a gargoyle
  7108 | D:8      | Reached skill level 11 in Maces & Flails
  7167 | D:8      | Noticed a gargoyle
  7184 | D:8      | Killed a gargoyle
  7190 | D:8      | Noticed a gargoyle
  7192 | D:8      | Killed from afar by a gargoyle

Skill      XL: |  1  2  3  4  5  6  7  8  9 10 |
---------------+-------------------------------+-----
Dodging        | 2 3 4 5 |  5.4
Fighting       | 4 5 6 7 |  7.4
Maces & Flails | 4 5 6 8 10 11 | 11.2
Armour         | 3 4 5 6 7 |  7.2
Stealth        | 1 |  1.0

Action                   |  1- 3 |  4- 6 |  7- 9 | 10-12 || total
-------------------------+-------+-------+-------+-------++-------
Melee: Mace              |   105 |   235 |   208 |       ||   548
       Flail             |       |       |   274 |   116 ||   390
Invok: Berserk           |       |     3 |     3 |     1 ||     7
       Trog's Hand       |       |       |     1 |     1 ||     2
       Brothers in Arms  |       |       |       |     1 ||     1
  Use: Scroll            |       |       |     9 |     1 ||    10
  Eat: Chunk             |     1 |     8 |    15 |     4 ||    28
       Fruit             |       |       |     1 |       ||     1
Armor: Animal skin       |    10 |       |       |       ||    10
       Ring mail         |    37 |   106 |   181 |    26 ||   350
Dodge: Dodged            |    60 |   146 |   322 |    59 ||   587
